 Dungeon Crawl Stone Soup version 0.31.0-11-ge490571c62 (webtiles) character file.

Game seed: 7057622747318338112

39 Gadfly the Insei (level 3, 0/29 HPs)
             Began as a Demonspawn Monk on Feb 1, 2024.
             Slain by an adder (1 damage)
             ... on level 2 of the Dungeon.
             The game lasted 00:01:44 (1370 turns).

Gadfly the Insei (Demonspawn Monk)                  Turns: 1370, Time: 00:01:45

Health: 0/29       AC:  2    Str: 13    XL:     3   Next: 28%
Magic:  4/4        EV: 13    Int: 10    God:
Gold:   1113       SH:  4    Dex: 15    Spells: 2/2 levels left

rFire   . .          .
                       - Unarmed
rCold   . . .        c - orb {light}
rNeg    . . .        a - +0 robe
rPois   .            (no helmet)
rElec   .            (no cloak)
rCorr   .            (no gloves)
SInv    .            (no boots)
Will    .....        (no amulet)
Stlth   +            (no ring)
HPRegen 0.24/turn    (no ring)
MPRegen 0.09/turn

%: no passive effects
@: lethally poisoned (0 -> -4), glowing
A: large bone plates 1, powered by death 1
a: no special abilities


You were on level 2 of the Dungeon.
You visited 1 branch of the dungeon, and saw 2 of its levels.

You collected 1113 gold pieces.

Inventory:

Hand Weapons
 b - a +0 spear of venom
Armour
 a - a +0 robe (worn)
 c - an orb of light (worn)
Scrolls
 i - a scroll of revelation {unknown}
Potions
 e - 2 potions of curing
 f - a potion of haste
 g - a potion of attraction {unknown}
 h - 2 potions of berserk rage {unknown}
 j - a potion of cancellation {unknown}
 k - a potion of mutation {unknown}
 l - a potion of ambrosia


   Skills:
 - Level 3.0 Fighting
 + Level 2.8 Dodging
 * Level 3.1 Unarmed Combat
 * Level 1.7 Invocations
 * Level 1.0 Evocations
 * Level 1.0 Shapeshifting


You had 2 spell levels left.
You didn't know any spells.
Your spell library was empty.

Dungeon Overview and Level Annotations

Branches:
Dungeon (2/15)

Altars:


Innate Abilities, Weirdness & Mutations

You are partially covered in large bone plates. (SH +4)
You regenerate a little health from kills.


Message History

You hit the adder.
The adder is heavily wounded.
You feel sick. The adder bites you.
You hit the adder but do no damage.
The adder is heavily wounded.
You feel sick. The adder misses you.
You closely miss the adder.
The adder is heavily wounded.
You feel sick. The adder barely misses you.
You hit the adder but do no damage.
The adder is heavily wounded.
You feel sick. The adder bites you. x2
You are more poisoned.
The adder poisons you!
You hit the adder but do no damage.
The adder is heavily wounded.
You feel sick. The adder bites you.
You are more poisoned.
The adder poisons you!
You are too injured to fight recklessly!
You are too injured to fight recklessly!
You are too injured to fight recklessly!
You are too injured to fight recklessly!
An adder is nearby!
An adder is nearby!
Unknown command.
You hit the adder but do no damage.
The adder is heavily wounded.
You feel very sick. The adder closely misses you.
You closely miss the adder.
The adder is heavily wounded.
* * * LOW HITPOINT WARNING * * *
You feel sick. The adder bites you.
* * * LOW HITPOINT WARNING * * *
You hit the adder.
The adder is severely wounded.
* * * LOW HITPOINT WARNING * * *
You feel sick. The adder bites you.
You die...

######...## #.### #.# .... #
##.###.## #.#.###.# .....
####...##.#######....##.#......
'.......................'......
####...##.#######....####......
# ##.#.#.# ##.#.## .....
##....# #...## .... ##.###
#...# ... #.# #@..# +# #.#
#S### ### #.# ... ..# #.# .#..#
..# #.# #.#... ..#####.# #
##.## .....##.# .# .....##.# .#
........#


You could see an adder.

Vanquished Creatures
  An adder (D:2)
  2 endoplasms (D:1)
  3 giant cockroaches (D:1)
  4 jackals (D:1)
  3 quokkas (D:1)
  6 ball pythons
  4 bats
  2 frilled lizards (D:1)
  A goblin (D:1)
  A kobold (D:1)
  3 rats
30 creatures vanquished.

Notes
Turn   | Place    | Note
-------+----------+-------------------------------------------
     0 | D:1      | Gadfly the Demonspawn Monk began the quest for the Orb.
     0 | D:1      | Reached XP level 1. HP: 18/18 MP: 1/1
    61 | D:1      | Found a faded altar of an unknown god.
   322 | D:1      | Gained mutation: You regenerate a little health from kills.
                  | [demonic ancestry]
   322 | D:1      | Reached XP level 2. HP: 11/24 MP: 2/2
   325 | D:1      | Reached skill level 1 in Invocations
  1005 | D:2      | Reached skill level 1 in Evocations
  1005 | D:2      | Reached skill level 1 in Shapeshifting
  1005 | D:2      | Gained mutation: You are partially covered in large bone
                  | plates. (SH +4) [demonic ancestry]
  1005 | D:2      | Reached XP level 3. HP: 19/29 MP: 4/4
  1352 | D:2      | Identified a scroll of acquirement
  1352 | D:2      | Acquired 987 gold pieces
  1370 | D:2      | HP: 1/29 [poisoned by an adder]
  1370 | D:2      | Slain by an adder

Illustrated notes

Levels and vault maps discovered:
D:1:      roderic_chinese_lattice_arrival, layout_basic,
          ebering_ecumenical_altar_abandoned, chequers_serial_rivers_large_b
D:2:      layout_loops_corners

Skill      XL: |  1  2 |
---------------+-------+-----
Invocations    | 1 |  1.7
Unarmed Combat | 3 |  3.1
Evocations     | 1 |  1.0
Shapeshifting  | 1 |  1.0
Fighting       | |  3.0
Dodging        | |  2.8

Action                     || total
---------------------------++-------
  Melee: Unarmed           ||   128
    Use: Scroll            ||     4
 Armour: Robe              ||    61
  Dodge: Dodged            ||    85
